[Event "*** Titled Tuesday 3|2 Blitz"]
[Site "Chess.com"]
[Date "2015.03.03"]
[Round "1"]
[White "Cryptochess"]
[Black "alturas_pacificas"]
[Result "1-0"]
[WhiteElo "2383"]
[BlackElo "2066"]
[TimeControl "180+2"]
[EndTime "11:08:35 PST"]
[Termination "Cryptochess won by resignation"]

1. e4 e5 2. Nf3 Nf6 3. Nc3 Nc6 4. Bb5 Bb4 5. O-O d6 6. d3 Bxc3 7. bxc3 O-O 8. Bg5 a6 9. Ba4 b5 10. Bb3 Na5 11. d4 exd4 12. cxd4 h6 13. Bh4 g5 14.
Nxg5 hxg5 15. Bxg5 Nxb3 16. axb3 Qe7 17. Qf3 Kg7 18.
e5 dxe5 19. dxe5 Qxe5 20. Bxf6+ Qxf6 21. Qxa8 Rg8 22. Qe4 Bf5 23. Qf4 Kh8 24. g3 Qg6 25. Qh4+ Kg7 26. Rfe1 Rh8 27. Qd4+ Kh7 28. Re5 Bxc2 29.
Rc1 Bxb3 30. Rxc7 Bc4 31. Kg2 Rb8 32. Qh4+ Qh6 33. Rh5 Rb6 34. Rxh6+ Rxh6 35. Qe4+ Kg7 36. h4 Re6 37. Qg4+ Rg6 38. Qd4+ Kh7 39. h5 1-0

[Event "*** Titled Tuesday 3|2 Blitz"]
[Site "Chess.com"]
[Date "2015.03.03"]
[Round "1"]
[White "darsen_sanzhaev"]
[Black "AkshatChandra"]
[Result "0-1"]
[WhiteElo "2146"]
[BlackElo "2498"]
[TimeControl "180+2"]
[EndTime "11:08:36 PST"]
[Termination "AkshatChandra won on time"]

1. d4 Nf6 2. c4 g6 3. Nc3 d5 4. cxd5 Nxd5 5. e4 Nxc3 6. bxc3 Bg7 7. Be3 c5 8. Qd2 Qa5 9. Rc1 O-O 10. Nf3 Rd8 11. Be2 Bg4 12. Ng1 Bxe2 13. Nxe2 Nc6 14. d5 e6 15. c4 Nb4 16. O-O b6 17. Nc3 exd5 18. exd5 Qa6 19. Qe2 Bxc3 20. Rxc3 Nxd5 21. Bh6 Re8 22. Qf3 Ne7 23. g4 f5 24. h3 Qc8 25. Re3 Qd7 26. Rfe1 Nc6 27. gxf5 Rxe3 28. Rxe3 Re8 29. fxg6 hxg6 30. Rxe8+ Qxe8 31. Qd5+ Kh7 32. Be3 Nb4 33. Qb7+ Kg8 34. a3 Nc2 35. Bh6 Qf7 0-1

[Event "*** Titled Tuesday 3|2 Blitz"]
[Site "Chess.com"]
[Date "2015.03.03"]
[Round "1"]
[White "exoticprincess"]
[Black "Rijeka1999"]
[Result "1-0"]
[WhiteElo "2791"]
[BlackElo "2240"]
[TimeControl "180+2"]
[EndTime "11:08:50 PST"]
[Termination "exoticprincess won by resignation"]

1. e4 e5 2. Nf3 Nc6 3. Bc4 Nf6 4. Ng5 d5 5. exd5 Na5 6. Bb5+ Bd7 7. Qe2 Bd6 8. Nc3 O-O 9. O-O Bf5 10. d3 a6 11. Ba4 b5 12. Bb3 Nxb3 13. axb3 b4 14.
Nce4 Nxd5 15. Bd2 Be7 16. Nf3 f6 17. Rfe1 Re8 18. h3 Bf8 19. Ng3 Be6 20. Qe4 a5 21.
Nh2 Qd7 22. Qf3 Qc6 23. Rac1 Ne7 24. Ne4 Bd5 25. Qg3 Nf5 26. Qg4 Nd4 27. Be3 f5 28. Qd1 fxe4 29. Ng4 exd3 30. cxd3 Qg6 31. Bxd4 exd4 32.
Rxe8 Rxe8 33. f3 h5 34. Nf2 Bd6 35. Ne4 Bxe4 36. dxe4 c5 37. Qd3 Qg3 38. Kf1 Kh8 39.
Ra1 Bc7 40. Rc1 Qe5 41. Qb5 Bd6 42. Qxa5 d3 43. Qb5 d2 44. Rd1 Ra8 45. Rxd2 Ra1+ 46. Ke2 Be7 47. Qe8+ Kh7 48. Qf7 Qg5 49. g4 hxg4 50.
hxg4 Qh4 51. Kd3 Bf6 52. Kc4 Rc1+ 53. Kb5 Qg3 54. Rd7 Qb8+ 55. Rb7 Qd6 56. g5 Qd3+ 57. Kc6 Qa6+ 58. Rb6 Qa8+ 59. Rb7 Qc8+ 60. Kb5 Bd4 61. f4 c4 62. bxc4 Qc5+ 63. Ka4 Qxc4 64. Qf5+ Kg8 65. Rb8+ 1-0

[Event "*** Titled Tuesday 3|2 Blitz"]
[Site "Chess.com"]
[Date "2015.03.03"]
[Round "1"]
[White "Tomsel"]
[Black "chesstatour"]
[Result "1-0"]
[WhiteElo "2287"]
[BlackElo "1891"]
[TimeControl "180+2"]
[EndTime "11:09:02 PST"]
[Termination "Tomsel won by resignation"]

1. d4 e6 2. Bf4 b6 3. e3 Bb7 4. Nf3 f5 5. Bd3 Nf6 6. h3 Be7 7. c4 O-O 8. Nc3 c5 9. Rg1 d6 10.
g4 Ne4 11. gxf5 exf5 12. Nd5 Bxd5 13. cxd5 Bf6 14. dxc5 bxc5 15. Qc2 Qa5+ 16. Ke2 Qb4 17. Rab1 Nd7 18. a3 Qb6 19. Bxe4 fxe4 20. Qxe4 Rae8 21. Qc4 Ne5 22. Bxe5 Bxe5 23. Rg4 a6 24. b4 Rb8 25. Ng5 Qb5 26. Qxb5 Rxb5 27. Ne6 Rf7 28. f4 Bf6 29. f5 Rfb7 30. Rc1 cxb4 31. Rc8+ Kf7 32. axb4 Rxb4 33. Rxb4 Rxb4 34. Rc7+ Kg8 35. Rc8+ Kf7 36. Rc7+ Kg8 37. Rc6 Rb2+ 38. Kf3 a5 39. Rxd6 h6 40. Ra6 Rb5 41. d6 Rd5 42. e4 Be5 43. exd5 1-0

[Event "*** Titled Tuesday 3|2 Blitz"]
[Site "Chess.com"]
[Date "2015.03.03"]
[Round "1"]
[White "EltajSafarli"]
[Black "promen1999"]
[Result "1-0"]
[WhiteElo "2655"]
[BlackElo "2231"]
[TimeControl "180+2"]
[EndTime "11:09:05 PST"]
[Termination "EltajSafarli won by resignation"]

1. e4 e5 2. Nf3 Nc6 3. Bb5 a6 4.
Ba4 Nf6 5. Qe2 b5 6. Bb3 Be7 7. c3 O-O 8. O-O d6 9. h3 Nb8 10.
d4 Nbd7 11. Rd1 Bb7 12. dxe5 Nxe4 13. Bc2 f5 14. exf6 Ndxf6 15. Nbd2 Nxd2 16. Bxd2 Qd7 17. Bg5 Rae8 18. Be3 Kh8 19. a4 Nd5 20. Qd3 Nf6 21.
Ng5 h6 22. Nh7 Be4 23. Nxf8 Rxf8 24. Qd2 Qf5 25. Bd3 d5 26. f3 Bxd3 27. Qxd3 Qh5 28.
axb5 axb5 29. Qxb5 Bd6 30. Ra4 Qf5 31. Bc5 d4 32.
cxd4 Nh5 33. Qd3 Qg5 34. Bxd6 cxd6 35. d5 Nf4 36. Rxf4 Qxf4 37. Qe4 Qf6 38. b4 Rb8 39. Rb1 Qc3 40. b5 Qc5+ 41. Kh2 Qb6 42. h4 Ra8 43. Qe7 Ra5 44. Qf8+ Kh7 45. Qf5+ Kh8 46. Re1 Ra8 47. Qd7 Qd4 48. Re8+ 1-0

[Event "*** Titled Tuesday 3|2 Blitz"]
[Site "Chess.com"]
[Date "2015.03.03"]
[Round "1"]
[White "Mazetovic"]
[Black "grandmastergauri"]
[Result "1-0"]
[WhiteElo "2271"]
[BlackElo "2290"]
[TimeControl "180+2"]
[EndTime "11:09:05 PST"]
[Termination "Mazetovic won by resignation"]

1. Nf3 Nf6 2. d4 d5 3. Bf4 c6 4. c3 Bf5 5. Qb3 Qb6 6. Nbd2 e6 7. h3 h6 8. g4 Bh7 9. Bg2 Nbd7 10. O-O Ne4 11.
Rac1 Be7 12. Nxe4 Bxe4 13. Nd2 Bxg2 14. Kxg2 h5 15. f3 hxg4 16. hxg4 g5 17. Bg3 f5 18. e4 f4 19. Bf2 Qxb3 20. axb3 Kf7 21. Rh1 Kg7 22. Rxh8 Rxh8 23. b4 Nb6 24. Ra1 a6 25. b3 Kf7 26. Bg1 Rd8 27. Kf1 Bf6 28. Ke2 e5 29.
dxe5 Bxe5 30. Bxb6 Rh8 31. Nf1 Bxc3 32. Rc1 d4 33.
Rd1 Rh1 34. Bxd4 Bxb4 35. Bb6 Ke6 36. Rd8 Rh7 37. Rg8 Be7 38. Bd4 c5 39. Bb2 Rh1 40. Rb8 b5 41. Rb6+ Kd7 42. Rxa6 c4 43. bxc4 bxc4 44.
Ra4 Rg1 45. Bd4 Rg2+ 46. Kd1 c3 47. Bxc3 Bc5 48. Bd4 Bd6 49. Ra7+ Kc6 50. Ra6+ Kd7 51. e5 Bc7 52. e6+ Ke8 53. Bc5 Bd8 54. Ra8 Ra2 55. Rxa2 1-0

[Event "*** Titled Tuesday 3|2 Blitz"]
[Site "Chess.com"]
[Date "2015.03.03"]
[Round "1"]
[White "WanderingPuppet"]
[Black "IMLevAltounian"]
[Result "0-1"]
[WhiteElo "2087"]
[BlackElo "2449"]
[TimeControl "180+2"]
[EndTime "11:09:25 PST"]
[Termination "IMLevAltounian won by resignation"]

1. e4 d5 2. exd5 Qxd5 3. Nc3 Qd6 4. Nf3 Nf6 5. d4 g6 6. Nb5 Qb6 7. Bc4 Bg7 8. Bf4 Na6 9. O-O c6 10. Nc3 O-O 11. Ne5 Qxb2 12. Na4 Qa3 13. Bb3 Nd5 14. Bc1 Qd6 15. c4 Nf6 16. c5 Qd8 17. h3 Nc7 18.
Bb2 Be6 19. Re1 Bd5 20. Bc3 Rb8 21. Ba5 Qc8 22. Rc1 Nb5 23. f3 Bxb3 24. Qxb3 Nxd4 25. Qc4 Nb5 26. Bd2 Nd5 27. Nc3 Nbxc3 28. Bxc3 Nxc3 29.
Rxc3 Qf5 30. Rce3 Rbe8 31. g4 Qg5 32. Nd7 e6 33. Nxf8 Bxf8 34. Kg2 Qxc5 35. Qxc5 Bxc5 36. Rb3 b6 37. Rd1 Re7 38. Rd8+ Kg7 39. Rbd3 a5 40. R3d7 Kf6 41. Rxe7 Kxe7 42. Rh8 b5 43. f4 a4 44. Rc8 Kd7 45. Rh8 Bd4 46. Rb8 f5 47.
Kf3 a3 48. Rb7+ Kd6 49. Rxh7 c5 50. Rb7 b4 51. Rb6+ Kd5 52. h4 Bc3 53. gxf5 gxf5 54. h5 c4 55. h6 b3 56. axb3 a2 57. bxc4+ Kxc4 58. Rc6+ Kd3 59. Ra6 a1=Q 60. Rxa1 Bxa1 0-1

[Event "*** Titled Tuesday 3|2 Blitz"]
[Site "Chess.com"]
[Date "2015.03.03"]
[Round "1"]
[White "AungTZ"]
[Black "AndreyOstrovskiy"]
[Result "1-0"]
[WhiteElo "2075"]
[BlackElo "2350"]
[TimeControl "180+2"]
[EndTime "11:09:28 PST"]
[Termination "AungTZ won by checkmate"]

1. e4 e5 2. Nf3 Nc6 3. d4 exd4 4. Nxd4 Nf6 5. Nc3 Bb4 6. Nxc6 bxc6 7. Bd3 d5 8. exd5 cxd5 9. O-O O-O 10. Bg5 c6 11. h3 h6 12. Bh4 Bd6 13. Qf3 Rb8 14. Rab1 Be5 15. Na4 Rb4 16. Bxf6 Qxf6 17. Qxf6 Bxf6 18.
b3 a5 19. Rfe1 g6 20. Re2 Kg7 21. Rbe1 h5 22. Re8 Bd7 23. Rxf8 Kxf8 24. Nc5 Bc8 25.
Ba6 Bf5 26. Bd3 Be7 27. Bxf5 Bxc5 28. Bd3 a4 29. Kf1 a3 30. c4 Bd4 31. cxd5 cxd5 32.
Rc1 Bb2 33. Rc5 d4 34. Bc4 Rb6 35. Rc7 Rf6 36. f3 g5 37. Ke2 Bc3 38. Rb7 Rf5 39. b4 Re5+ 40. Kd1 Re1+ 41. Kc2 Rg1 42. Rxf7+ Ke8 43. b5 Rxg2+ 44. Kd3 Rb2 45. Rh7 h4 46. Rg7 Rd2+ 47. Ke4 Rb2 48. Rxg5 Kd7 49. Rg6 Kc7 50. Rc6+ Kb7 51. Rh6 Rb4 52. Kd3 Rb2 53. Rxh4 Kb6 54. Rh6+ Kc5 55. Rc6+ Kb4 56. b6 Ka5 57. h4 Rh2 58. b7 Rb2 59. Rc5+ Kb6 60. b8=Q+ Kxc5 61. Qc7+ Kb4 62. Qb6+ Ka4 63. Qa6+ Kb4 64. Qb5# 1-0

[Event "*** Titled Tuesday 3|2 Blitz"]
[Site "Chess.com"]
[Date "2015.03.03"]
[Round "1"]
[White "lukas_111111"]
[Black "ChessPsych0"]
[Result "0-1"]
[WhiteElo "2288"]
[BlackElo "2058"]
[TimeControl "180+2"]
[EndTime "11:09:34 PST"]
[Termination "ChessPsych0 won by checkmate"]

1. e4 c5 2. Nf3 d6 3. d4 cxd4 4.
Nxd4 Nf6 5. Nc3 a6 6. Bg5 e6 7. f4 Nbd7 8. Qe2 h6 9. Bh4 Qc7 10.
O-O-O b5 11. a3 Bb7 12. Kb1 Be7 13. g4 g5 14. fxg5 Nh7 15. Bg3 hxg5 16. h4 gxh4 17. Bxh4 Nhf8 18. Bxe7 Rxh1 19. Bxf8 Nxf8 20. Ndxb5 axb5 21. Nxb5 Qb6 22. Nxd6+ Ke7 23. Qf3 Rh7 24. g5 Nd7 25.
Bb5 Bc6 26. Bxc6 Qxc6 27. g6 fxg6 28. Qg3 Kd8 29. Qxg6 Re7 30. Qg8+ Kc7 31. Qg3 e5 32. Nf5 Re6 33. Ne3 Ra5 34. Nd5+ Kb7 35. Qb3+ Nb6 36. Nb4 Qc4 37. Qf3 Re7 38. Qf6 Rc7 39.
Rd6 Qc5 40. Qe6 Rb5 41. c3 Nc4 42. Ra6 Nb6 43. Qb3 Rxb4 44. axb4 Qg1+ 45. Ka2 Kxa6 46. b5+ Kb7 47. Qa3 Qc5 48. Qa6+ Kb8 49. b4 Qc4+ 50. Kb1 Qb3+ 51. Ka1 Qxc3+ 52. Ka2 Qc2+ 53. Ka3 Nc4# 0-1

[Event "*** Titled Tuesday 3|2 Blitz"]
[Site "Chess.com"]
[Date "2015.03.03"]
[Round "1"]
[White "PauloCesarCosta"]
[Black "Novak_Pezelj"]
[Result "0-1"]
[WhiteElo "2055"]
[BlackElo "2371"]
[TimeControl "180+2"]
[EndTime "11:09:38 PST"]
[Termination "Novak_Pezelj won on time"]

1. Nf3 c5 2. c4 g6 3. g3 Bg7 4. Bg2 Nc6 5. O-O Nh6 6. Nc3 Nf5 7.
d3 O-O 8. a3 Rb8 9. Rb1 a6 10.
Bd2 b5 11. b3 d6 12. cxb5 axb5 13. Re1 b4 14. axb4 Nxb4 15. Na4 Ba6 16. Bc3 Qd7 17. Bxg7 Nxg7 18. Nd2 Nf5 19. Bh3 e6 20.
Nc4 Nd4 21. Bg2 Qc7 22. Nc3 d5 23. Nd2 Rfd8 24. Nf3 Ndc6 25. Na4 Qa5 26. Qc1 c4 27. dxc4 dxc4 28. Nc3 Rbc8 29. bxc4 Bxc4 30. Ne4 Ba2 31. Qh6 Qf5 32. Rb2 Qxe4 33. Ng5 Qf5 34. Qxh7+ Kf8 35. Qh4 Bd5 36. Rxb4 Nxb4 37. Qxb4+ Kg7 38. e4 Qxg5 39. exd5 exd5 40. Qd4+ Qf6 41. Qd3 d4 42. Rd1 Rc3 43. Qd2 d3 44. Be4 Rc2 45. Qe3 Re2 46. Qf3 Qxf3 47.
Bxf3 Re5 48. Kf1 d2 49. Be2 Rc5 50. f3 Rc1 51. Kf2 Rxd1 52. Bxd1 Re8 0-1

[Event "*** Titled Tuesday 3|2 Blitz"]
[Site "Chess.com"]
[Date "2015.03.03"]
[Round "1"]
[White "Brandon_Clarke"]
[Black "brauliocuarta"]
[Result "1-0"]
[WhiteElo "2311"]
[BlackElo "1997"]
[TimeControl "180+2"]
[EndTime "11:09:38 PST"]
[Termination "Brandon_Clarke won by resignation"]

1. e4 c5 2. Nf3 e6 3. d3 d5 4. Nbd2 Nc6 5. g3 Nf6 6. Bg2 Be7 7. O-O O-O 8. Re1 Qc7 9. e5 Nd7 10. Qe2 a5 11. Nf1 b6 12. h4 Ba6 13. Bf4 c4 14. a3 cxd3 15. cxd3 Nc5 16. Rad1 Rac8 17. N1h2 Nb3 18.
Qe3 a4 19. h5 Nca5 20. Ng4 Qc2 21. h6 Bc5 22. d4 Nc4 23. Qc3 Qxc3 24. bxc3 Be7 25.
hxg7 Rfd8 26. Bh6 Nxa3 27. Ng5 Rxc3 28. Bh3 Nc2 29. Nf6+ Bxf6 30. exf6 Nxe1 31. Rxe1 Bd3 32. Nxf7 Bf5 33. Bxf5 Kxf7 34. Bxe6+ Kxf6 35. g8=Q Rxg8 36. Bxg8 Nxd4 37. Kg2 a3 38. f4 Rc2+ 39. Kh3 b5 40. Kg4 a2 41. Bxd5 b4 42. Bg5+ Kg7 43. Re7+ Kf8 44.
Ra7 b3 45. Be7+ Ke8 46. Bf6 Nb5 47. Ra8+ Kd7 48. f5 Nc3 49. Be6+ Kd6 50. Bxb3 Rb2 51.
Bxc3 Rxb3 52. Ba1 Ke7 53. Rxa2 Rb4+ 54. Kh5 Rb7 55. g4 Kf7 56. Ra6 Rc7 57. Be5 Kg8 58.
Bxc7 1-0

[Event "*** Titled Tuesday 3|2 Blitz"]
[Site "Chess.com"]
[Date "2015.03.03"]
[Round "1"]
[White "Spas_Kozhuharov"]
[Black "bsmail"]
[Result "1/2-1/2"]
[WhiteElo "2410"]
[BlackElo "2057"]
[TimeControl "180+2"]
[EndTime "11:10:19 PST"]
[Termination "Game drawn by agreement"]

1. d4 Nf6 2. c4 e6 3. Nc3 Bb4 4. Qc2 O-O 5. a3 Bxc3+ 6. Qxc3 b5 7. cxb5 c6 8. f3 cxb5 9. e4 a6 10. Bd3 Bb7 11. Ne2 d6 12. O-O Nbd7 13. Be3 Rc8 14. Qb4 d5 15. e5 Ne8 16. a4 Qb6 17. axb5 Nxe5 18. Bb1 Nc4 19. Bf2 axb5 20. Nc3 Ned6 21. Bd3 Ra8 22. b3 Na5 23. Bg3 Rfd8 24. Bxd6 Qxd6 25.
Qxd6 Rxd6 26. Nxb5 Rb6 27. Ra3 Nc6 28. Rxa8+ Bxa8 29.
Ra1 Bb7 30. Kf2 g5 31. Ke3 Nb4 32. Nc3 Nxd3 33. Kxd3 Rxb3 34. Kc2 Rb6 35. Kd3 Ba6+ 36. Kc2 Bc4 37. g3 Kg7 38. h4 h6 39. hxg5 hxg5 40. Rh1 Rb8 41. g4 Rh8 42. Rxh8 Kxh8 43. Kd2 Kg7 44. Ke3 Kf6 45. Na4 e5 46. Nc5 Bb5 47. Nb3 Ke6 48. dxe5 Kxe5 49. Nd4 Bd7 50. Ne2 f6 51. Nd4 Ba4 52. Nf5 Bc6 53. Nd4 Bd7 54. Ne2 Bb5 55. Nd4 Bf1 56. Nf5 Ba6 57.
Nd4 Bc8 58. Nc6+ Kd6 59. Nd4 Kc5 60. Ne2 Kc4 61. Nd4 Ba6 62. Nf5 Kc3 63. Nd4 Bd3 64. Ne6 f5 65. gxf5 Bxf5 66. Nd4 Bh3 67. Nb5+ Kc4 68.
Nd4 Bg2 69. Ne6 1/2-1/2

[Event "*** Titled Tuesday 3|2 Blitz"]
[Site "Chess.com"]
[Date "2015.03.03"]
[Round "1"]
[White "FabianEnglert"]
[Black "Polemistis"]
[Result "1-0"]
[WhiteElo "2245"]
[BlackElo "1192"]
[TimeControl "180+2"]
[EndTime "11:10:31 PST"]
[Termination "FabianEnglert won by resignation"]

1. Nf3 d6 2. d4 g6 3. e4 Nf6 4. Nc3 Bg7 5. Be2 O-O 6. O-O Nc6 7.
Be3 e5 8. h3 Re8 9. dxe5 Nxe5 10. Nxe5 Rxe5 11. f4 Re8 12. Bf3 c6 13. Bf2 Qc7 14.
a4 a5 15. Ra3 Be6 16. Ne2 Bc4 17. Re3 Re7 18. b3 Bxe2 19. Qxe2 Nd7 20. Bh4 Ree8 21.
Rd1 Nc5 22. Qd2 Ne6 23. Rd3 Nc5 24. Rxd6 Nxe4 25. Bxe4 Rxe4 26. Bd8 Qc8 27. Bxa5 Re8 28. Bc3 Bxc3 29. Qxc3 Qf5 30. Rf6 Qe4 31. Rd7 Re7 32. Rxe7 Qxe7 33. Qe5 Qxe5 34. fxe5 Re8 35. Rd6 Rxe5 36.
Rd7 b5 37. a5 b4 38. Ra7 Kg7 39. Kf2 h5 40. Kf3 Kf6 41. a6 Ra5 42. Ke4 Ke6 43.
Kd4 c5+ 44. Kc4 f5 45. Rg7 Kf6 46. Rc7 Rxa6 47. Kxc5 Ra5+ 48. Kxb4 Re5 49. h4 Re4+ 50. Rc4 Ke5 51. Kc5 Re2 52. g3 Rg2 53. b4 Rxg3 54.
b5 Ra3 55. b6 Ra8 56. b7 Rb8 57. Kb6 f4 58. Rc8 Rxb7+ 59. Kxb7 f3 60. Rf8 Ke4 61.
c4 Ke3 62. c5 f2 63. c6 Ke2 64. Rxf2+ Kxf2 65. c7 g5 1-0

[Event "*** Titled Tuesday 3|2 Blitz"]
[Site "Chess.com"]
[Date "2015.03.03"]
[Round "1"]
[White "petrpalachev"]
[Black "esr44"]
[Result "1-0"]
[WhiteElo "2441"]
[BlackElo "2077"]
[TimeControl "180+2"]
[EndTime "11:10:44 PST"]
[Termination "petrpalachev won by resignation"]

1. d4 d5 2. c4 e6 3. Nc3 Be7 4. Nf3 Nf6 5. Bf4 O-O 6. e3 c5 7. dxc5 Bxc5 8. Qc2 Nc6 9. Rd1 Bb4 10. Be2 Ne4 11.
O-O Bxc3 12. bxc3 Qa5 13. Rc1 Bd7 14. Bd3 f5 15. Nd4 Rae8 16. cxd5 exd5 17. Qb2 Nc5 18. Be2 Ne5 19. Nb3 Qb6 20. Qa3 Ncd3 21. Bxd3 Nxd3 22. Rb1 Nxf4 23. exf4 Qh6 24. Qxa7 Bc6 25. g3 Ra8 26. Qd4 Rxa2 27. Nc5 Qf6 28. Nxb7 Bxb7 29. Qxf6 Rxf6 30.
Rxb7 Rc6 31. Re1 h6 32. Re8+ Kh7 33. Ree7 Rg6 34. Re5 Rc2 35. Rxd5 Rf6 36. Rc7 Re6 37. Rdd7 Rg6 38. h4 h5 39. c4 Re2 40. c5 Re4 41. Kf1 Rc4 42. Rd6 Rc1+ 43. Kg2 Rc2 44. Rxg6 Kxg6 45.
Rc6+ Kf7 46. Rc8 Ke6 47. c6 Kd6 48. Rh8 g6 49. Rh6 Kxc6 50. Rxg6+ Kd5 51. Rg5 Ke4 52. Rxh5 Ra2 53. Rh8 Kd3 54. Re8 Ra6 55. Re5 Rf6 56.
Kf3 Kd4 57. h5 Rh6 58. Rxf5 Kd3 59. Rd5+ Kc4 60. Ke4 Re6+ 61. Re5 Rh6 62. g4 Kc3 63. f5 Kd2 64. Re6 Rh8 65. h6 Ke2 66. f4 Kf2 67. g5 Kg3 68. f6 Kg4 69. f7 Kh5 70. Re8 Kg6 71. Rxh8 Kxf7 72. Kf5 1-0

[Event "*** Titled Tuesday 3|2 Blitz"]
[Site "Chess.com"]
[Date "2015.03.03"]
[Round "1"]
[White "destroyer305"]
[Black "Tilicheev_Viacheslav"]
[Result "1/2-1/2"]
[WhiteElo "2184"]
[BlackElo "2519"]
[TimeControl "180+2"]
[EndTime "11:12:25 PST"]
[Termination "Game drawn by repetition"]

1. e4 c5 2. d4 cxd4 3. c3 Nf6 4.
e5 Nd5 5. Nf3 Nc6 6. cxd4 d6 7.
exd6 Qxd6 8. Nc3 g6 9. Bc4 Nxc3 10. bxc3 Bg7 11. O-O O-O 12. Re1 b6 13. a4 Bb7 14.
Ba3 Qc7 15. Bb5 Rfe8 16. Ne5 a6 17. Nxc6 Bxc6 18. Bxc6 Qxc6 19. Qd3 e6 20. a5 bxa5 21.
Bc5 e5 22. h3 Qb5 23. Qf3 exd4 24. Bxd4 Bxd4 25. cxd4 Red8 26. Re7 Rf8 27. Rc1 Rae8 28.
Rcc7 Rxe7 29. Rxe7 a4 30. d5 Qc5 31. Re3 Rd8 32.
Rd3 a5 33. Qg3 a3 34. Rxa3 Qxd5 35. Qc3 Qd1+ 36. Kh2 Qd6+ 37. g3 Qb4 38. Qc7 Ra8 39. Rf3 Rf8 40. Rf4 Qd2 41. Qa7 Qd5 42. h4 Ra8 43.
Qe3 a4 44. Rd4 Qb7 45. Rd3 Qc6 46. Rc3 Qb7 47. Rd3 Qc6 48. Qe7 Qa6 49. Rf3 Rf8 50.
Ra3 Qe6 51. Qb4 Qe2 52. Kg2 h5 53. Rxa4 Rd8 54. Qe4 Qb5 55. Ra7 Qe8 56. Re7 Qf8 57. Qe5 Rc8 58. Qf6 Rd8 59. Qg5 Re8 60. Rxe8 Qxe8 61.
Qf4 Qc6+ 62. Kh2 Qe6 63. Qb8+ Kg7 64. Qf4 f6 65. Qd4 Qe7 66. Qf4 g5 67. hxg5 fxg5 68. Qf5 Qf6 69. Qd7+ Kg6 70. Kg2 g4 71. Qd3+ Kh6 72.
Qe3+ Kg6 73. Qd3+ Kg7 74. Qd7+ Qf7 75. Qd4+ Kg6 76. Qe4+ Qf5 77. Qe8+ Qf7 78. Qe4+ Kg7 79. Qe5+ Kh6 80. Qe3+ Kh7 81. Qe4+ Qg6 82. Qe7+ Kh6 83. Qe3+ Qg5 84. Qe6+ Qg6 85. Qe3+ Kg7 86. Qe7+ Qf7 87. Qe5+ Kf8 88. Qh8+ Ke7 89. Qe5+ Kf8 90. Qh8+ Ke7 91. Qe5+ Kd7 92. Qb5+ Kd6 93. Qb4+ Ke5 94. Qc5+ Kf6 95. Qd4+ Kg6 96. Qe4+ Qf5 97. Qe8+ Qf7 98. Qe4+ 1/2-1/2

[Event "*** Titled Tuesday 3|2 Blitz"]
[Site "Chess.com"]
[Date "2015.03.03"]
[Round "2"]
[White "gumersindo"]
[Black "manitodeplomo"]
[Result "0-1"]
[WhiteElo "2096"]
[BlackElo "2296"]
[TimeControl "180+2"]
[EndTime "11:15:58 PST"]
[Termination "manitodeplomo won by resignation"]

1. d4 c5 2. d5 Nf6 3. Nc3 d6 4.
e4 g6 5. h3 Bg7 6. Nf3 O-O 7. a4 e6 8. dxe6 Bxe6 9. Be2 Nc6 10. O-O Nb4 11. Be3 b6 12. a5 d5 13. exd5 Nfxd5 14. Nxd5 Nxd5 15. Bc1 Qc7 16. axb6 axb6 17. Rxa8 Rxa8 18.
Bc4 Rd8 19. Qe2 h6 20. Rd1 Kh7 21. b3 Nc3 0-1

[Event "*** Titled Tuesday 3|2 Blitz"]
[Site "Chess.com"]
[Date "2015.03.03"]
[Round "2"]
[White "BjarkeSahl"]
[Black "Colombiano07"]
[Result "1-0"]
[WhiteElo "2064"]
[BlackElo "1972"]
[TimeControl "180+2"]
[EndTime "11:16:21 PST"]
[Termination "BjarkeSahl won by resignation"]

1. e4 c5 2. Nf3 Nc6 3. d4 cxd4 4.
Nxd4 g6 5. c4 Bg7 6. Nc2 Nf6 7.
Nc3 O-O 8. Be2 d6 9. O-O a5 10. Be3 a4 11. Rc1 Qa5 12. Kh1 Be6 13. f3 Rfc8 14.
Nd5 Bxd5 15. cxd5 Nb4 16. Bd2 Rxc2 17. Rxc2 Qb6 18. Rc4 Nxa2 19. Rxa4 Rxa4 20. Qxa4 Qxb2 21. Qa8+ 1-0

[Event "*** Titled Tuesday 3|2 Blitz"]
[Site "Chess.com"]
[Date "2015.03.03"]
[Round "2"]
[White "HansCoolNiemann"]
[Black "kinetix"]
[Result "1-0"]
[WhiteElo "1826"]
[BlackElo "1479"]
[TimeControl "180+2"]
[EndTime "11:16:50 PST"]
[Termination "HansCoolNiemann won by resignation"]

1. d4 d6 2. Nf3 g6 3. c4 Bg7 4.
Nc3 e5 5. dxe5 dxe5 6. Qxd8+ Kxd8 7. Bg5+ f6 8. O-O-O+ Bd7 9. Bh4 Nh6 10. Nd5 g5 11. Nxg5 fxg5 12. Bxg5+ Ke8 13. Nxc7+ Kf7 14. Nxa8 Na6 15. Rxd7+ Kg6 16. Nc7 Nc5 17. Rd5 b6 18. Be3 Ne4 19. Ne6 Nf5 20. Nxg7 Nxe3 21. fxe3 Kxg7 22.
Rxe5 Nf6 23. g3 Rd8 24. Bg2 Ng4 25. Rg5+ 1-0

[Event "*** Titled Tuesday 3|2 Blitz"]
[Site "Chess.com"]
[Date "2015.03.03"]
[Round "2"]
[White "Novak_Pezelj"]
[Black "exoticprincess"]
[Result "0-1"]
[WhiteElo "2359"]
[BlackElo "2794"]
[TimeControl "180+2"]
[EndTime "11:16:51 PST"]
[Termination "exoticprincess won by resignation"]

1. e4 d6 2. Nc3 Nf6 3. d4 e5 4.
dxe5 dxe5 5. Qxd8+ Kxd8 6. Be3 Be6 7. O-O-O+ Nbd7 8. Nf3 Ng4 9. Ng5 Nxe3 10. Nxe6+ fxe6 11. fxe3 Bc5 12. Rd3 Ke7 13. Be2 Nf6 14. Rhd1 Rad8 15.
Bf3 Rxd3 16. Rxd3 g5 17. g3 g4 18. Bg2 h5 19. Nd1 h4 20. Rc3 Bb6 21. Rd3 hxg3 22. hxg3 Rh2 23. Rd2 Nh5 24. Bf1 Rh1 0-1

[Event "*** Titled Tuesday 3|2 Blitz"]
[Site "Chess.com"]
[Date "2015.03.03"]
[Round "2"]
[White "brauliocuarta"]
[Black "Hafez_Bakr"]
[Result "1-0"]
[WhiteElo "2005"]
[BlackElo "1828"]
[TimeControl "180+2"]
[EndTime "11:18:02 PST"]
[Termination "brauliocuarta won by checkmate"]

1. d4 Nf6 2. c4 e6 3. Nc3 Bb4 4. e3 O-O 5. Ne2 d5 6. a3 Be7 7. cxd5 exd5 8. Nf4 c6 9. Bd3 Bg4 10. f3 Bh5 11. Nxh5 Nxh5 12. O-O Nd7 13. e4 dxe4 14. fxe4 Nhf6 15. e5 Nd5 16. Qh5 g6 17. Qh6 Nxc3 18.
bxc3 Nxe5 19. Be2 Nd7 20. Rf3 Bf6 21. Rh3 Re8 22. Qxh7+ Kf8 23. Bc4 Re1+ 24. Kf2 Qe7 25. Bh6+ Ke8 26. Rxe1 Ne5 27. dxe5 Bg5 28. Bxg5 Qxg5 29.
Qxf7+ Kd8 30. Rh8# 1-0

[Event "*** Titled Tuesday 3|2 Blitz"]
[Site "Chess.com"]
[Date "2015.03.03"]
[Round "2"]
[White "Tilicheev_Viacheslav"]
[Black "KyronGriffith"]
[Result "1-0"]
[WhiteElo "2521"]
[BlackElo "2160"]
[TimeControl "180+2"]
[EndTime "11:18:12 PST"]
[Termination "Tilicheev_Viacheslav won by resignation"]

1. e4 c5 2. Nf3 d6 3. d4 cxd4 4.
Nxd4 Nf6 5. Nc3 a6 6. Bg5 e6 7. f4 Be7 8. Qf3 Qc7 9. O-O-O Nbd7 10. g4 b5 11. Bxf6 Bxf6 12. Ndxb5 axb5 13. Nxb5 Bxb2+ 14. Kxb2 Qa5 15. Nxd6+ Ke7 16. Bc4 Ba6 17. Bb3 Nc5 18.
Qc3 Qb6 19. Qxg7 Na4+ 20. Ka1 1-0

[Event "*** Titled Tuesday 3|2 Blitz"]
[Site "Chess.com"]
[Date "2015.03.03"]
[Round "2"]
[White "DanielNaroditsky"]
[Black "1stSecond"]
[Result "1-0"]
[WhiteElo "2600"]
[BlackElo "2370"]
[TimeControl "180+2"]
[EndTime "11:18:28 PST"]
[Termination "DanielNaroditsky won by resignation"]

1. e4 e5 2. Nf3 Nc6 3. Bb5 a6 4.
Ba4 Nge7 5. Nc3 g6 6. d4 exd4 7. Nd5 Bg7 8. Bg5 h6 9. Bf6 Bxf6 10. Nxf6+ Kf8 11. Nxd4 Nf5 12. exf5 Qxf6 13. Bxc6 bxc6 14. fxg6 Rg8 15. gxf7 Rxg2 16. Qe2 Bb7 17. O-O-O c5 18. Rhe1 cxd4 19. Qe8+ Kg7 20. Re7 Kg6 21. f8=Q+ Rxe8 22. Qxe8+ Kg5 23. Qxd7 Qf4+ 24. Kb1 Bf3 25. Rg7+ Kh5 26.
Qh3+ 1-0

[Event "*** Titled Tuesday 3|2 Blitz"]
[Site "Chess.com"]
[Date "2015.03.03"]
[Round "2"]
[White "Mugzyyy"]
[Black "ChessPsych0"]
[Result "1-0"]
[WhiteElo "2356"]
[BlackElo "2042"]
[TimeControl "180+2"]
[EndTime "11:18:41 PST"]
[Termination "Mugzyyy won by resignation"]

1. d4 Nf6 2. c4 c5 3. Nf3 cxd4 4.
Nxd4 e5 5. Nb3 d5 6. cxd5 Qxd5 7. Qxd5 Nxd5 8. g3 Nc6 9. Bg2 Ndb4 10. Na3 Be7 11. O-O O-O 12. Bd2 Bg4 13. Rfe1 Rad8 14.
Be3 b6 15. Kf1 Rc8 16. Rec1 Be6 17. Nb5 a6 18. Nc3 b5 19. Nc5 Bxc5 20. Bxc5 Rfd8 21. Bb6 Rd2 22. a3 Nc2 23. Ne4 Rxe2 24. Kxe2 Bc4+ 25. Kd2 Nxa1 26. Rxa1 f5 27. Nd6 Rb8 28.
Bc7 1-0